 Dungeon Crawl Stone Soup version 0.26-a0-1060-g086102a3f0 (webtiles) character file.

Game seed: 4354480557716816388

428 sokol815 the Sneak (level 6, -4/43 HPs)
             Began as an Octopode Fighter on Dec 13, 2020.
             Shot with an arrow by a centaur (8 damage)
             ... on level 4 of the Dungeon.
             The game lasted 00:06:51 (3623 turns).

sokol815 the Sneak (Octopode Fighter)               Turns: 3623, Time: 00:06:52

Health: -4/43      AC:  1    Str: 16    XL:     6   Next: 98%
Magic:  6/6        EV: 12    Int: 10    God:
Gold:   215        SH:  9    Dex: 13    Spells: 5/5 levels left

rFire    . . .     SeeInvis .   a - +0 long sword
rCold    . . .     Faith    .   j - +0 kite shield
rNeg     + . .     Spirit   .   (helmet restricted)
rPois    +         Reflect  .   (no amulet)
rElec    .         Harm     .   v - ring "Pon Vaam" {rPois rN+}
rCorr    .         Rampage  .   (no ring)
Will     .....                  (no ring)
Stlth    ++++......             (no ring)
HPRegen  0.14/turn              (no ring)
MPRegen  0.10/turn              (no ring)
                                (no ring)
                                (no ring)

@: no status effects
A: almost no armour, stealthy swim, amphibious, 8 rings, constrict 8, camouflage
1, gelatinous body 1
a: no special abilities


You were on level 4 of the Dungeon.
You visited 1 branch of the dungeon, and saw 4 of its levels.

You collected 215 gold pieces.

Inventory:

Hand Weapons
 a - a +0 long sword (weapon)
 b - a +0 dagger
 c - a +0 trident
 o - a +0 war axe
Missiles
 e - 104 stones (quivered)
 k - 3 boomerangs
 m - 24 bolts
 t - 39 sling bullets
 u - 9 poisoned darts
 w - 5 curare-tipped darts
Armour
 j - a +0 kite shield (worn)
Jewellery
 v - the ring "Pon Vaam" (left tentacle) {rPois rN+}
   (You found it on level 4 of the Dungeon)

   [ring of positive energy]

   It protects you from poison.
   It protects you from negative energy.
Wands
 q - a wand of random effects (15)
 x - a wand of flame (12)
 A - a wand of polymorph (2)
Scrolls
 d - 2 scrolls of teleportation {unknown}
 g - 4 scrolls of identify {unknown}
 h - 3 scrolls of fog {unknown}
 i - a scroll of immolation {unknown}
 p - a scroll of remove curse {unknown}
 s - 2 scrolls of fear {unknown}
 y - a scroll of noise {unknown}
 z - a scroll of random uselessness {unknown}
Potions
 f - 3 potions of curing
 l - a potion of brilliance {unknown}
 n - a potion of haste {unknown}
 r - a potion of might


   Skills:
 + Level 4.1 Fighting
 * Level 4.7 Long Blades
 + Level 3.8 Dodging
 * Level 5.2 Stealth
 - Level 3.0 Shields


You had 5 spell levels left.
You didn't know any spells.
Your spell library was empty.

Dungeon Overview and Level Annotations

Branches:
Dungeon (4/15)
 Temple: D:4-7

Altars:
Elyvilon
Zin
The Shining One

Annotations:
D:4 exclusion: 2 centaurs


Innate Abilities, Weirdness & Mutations

You cannot wear most types of armour.
You are very stealthy in the water. (Stealth+)
You are amphibious.
You can wear up to eight rings at the same time.
You can use your tentacles to constrict eight enemies at once.
Your skin changes colour to match your surroundings (Stealth+).
Your rubbery body absorbs attacks. (AC +1, EV +1)


Message History

You open the door.
There is an open door here.
A centaur comes into view.
Press: ? - help, v - describe, . - travel
Here: a centaur, quivering 12 arrows (asleep)
The floor.
Placed new exclusion.
As you open the door, it creaks loudly!
You hear a shout! x2
There is an open door here.
The centaur wields a +0 shortbow.
The centaur shoots an arrow.
The arrow barely misses you.
The centaur shoots an arrow.
The arrow hits you!
The centaur shoots an arrow.
The arrow misses you.
You see here an arrow.
The centaur shoots an arrow.
The arrow hits you!
You see here an arrow.
You open the door.
The centaur shoots an arrow.
The arrow hits you!
* * * LOW HITPOINT WARNING * * *
The centaur shoots an arrow.
The arrow hits you!
You die...

#...##...#............... .....
#.....<..#............... .....
#......รท.#............... .....
###..#####............... .....
.............####.....##########
..##.##.......#..'.....#....#....
. ...##......#..#.....#....'....
..## #......##'#.....##########
..c c...###'###@##....#..#......
..#.c....((..#....#..#...... .
#.......(..#....#..#......
#...........+....#..#......
...#.........#.......#...... ..
#....###########....##### .
....... #....#...# ........
#....#...# ####..# ##....#..##


You could see a centaur.

Vanquished Creatures
  An ogre (D:4)
  An orc priest (D:4)
  A bullfrog skeleton (D:4)
  Terence (D:3)
  2 worker ants
  A hound skeleton (D:4)
  Robin (D:3)
  3 gnolls
  7 adders
  3 oozes
  2 worms
  4 leopard geckos
  3 orcs
  7 bats
  2 giant cockroaches
  16 goblins
  8 hobgoblins
  4 jackals (D:3)
  6 frilled lizards
  A jackal skeleton (D:4)
  7 kobolds
  A leopard gecko skeleton (D:4)
  4 rats
86 creatures vanquished.

Notes
Turn   | Place    | Note
-------+----------+-------------------------------------------
     0 | D:1      | sokol815 the Octopode Fighter began the quest for the Orb.
     0 | D:1      | Reached XP level 1. HP: 16/16 MP: 1/1
    51 | D:1      | Reached XP level 2. HP: 16/21 MP: 2/2
   437 | D:1      | Reached XP level 3. HP: 26/26 MP: 3/3
   459 | D:1      | Reached skill level 1 in Stealth
  1070 | D:2      | Reached skill level 2 in Stealth
  1070 | D:2      | Reached XP level 4. HP: 31/31 MP: 4/4
  1102 | D:2      | Found a glowing silver altar of Zin.
  1104 | D:2      | Found a white marble altar of Elyvilon.
  1106 | D:2      | Found a glowing golden altar of the Shining One.
  1870 | D:3      | Noticed Robin
  1893 | D:3      | Reached skill level 3 in Stealth
  2052 | D:3      | Reached XP level 5. HP: 36/36 MP: 5/5
  2123 | D:3      | Found a faded altar of an unknown god.
  2126 | D:3      | Killed Robin
  2446 | D:3      | Noticed Terence
  2447 | D:3      | Noticed an ogre
  2452 | D:3      | Killed Terence
  2476 | D:4      | Noticed a centaur
  2746 | D:4      | Got a flickering golden ring
  2747 | D:4      | Identified the ring "Pon Vaam" {rPois rN+} (You found it on
                  | level 4 of the Dungeon)
  2771 | D:4      | Reached skill level 4 in Stealth
  2780 | D:4      | Reached XP level 6. HP: 43/43 MP: 6/6
  3261 | D:4      | Reached skill level 5 in Stealth
  3623 | D:4      | Shot with an arrow by a centaur

Illustrated notes

Levels and vault maps discovered:
D:1:      wander_arrival_desolate, layout_rooms, minmay_hedge_maze
D:2:      layout_rooms, good_gods_mini_temple
D:3:      layout_rooms, chequers_ecumenical_altar_simple, uniq_robin,
          uniq_terence
D:4:      layout_gridville, minmay_manual_mares

Skill      XL: |  1  2  3  4  5  6 |
---------------+-------------------+-----
Long Blades    | 3 4 |  4.7
Stealth        | 2 3 4 5 |  5.2
Fighting       | 4 |  4.1
Dodging        | |  3.8
Shields        | |  3.0

Action                   |  1- 3 |  4- 6 || total
-------------------------+-------+-------++-------
Melee: Long sword        |    50 |    99 ||   149
       Constrict         |    13 |    35 ||    48
       Tentacles         |    10 |    33 ||    43
Evoke: Wand              |       |     4 ||     4
  Use: Potion            |       |     1 ||     1
 Stab: Sleeping          |     7 |     8 ||    15
Armor: Skin              |     4 |     3 ||     7
Dodge: Dodged            |    22 |    41 ||    63
Block: Kite shield       |    24 |    47 ||    71
       Rpst.: Long sword |     8 |    17 ||    25

Table legend: (Time is in decaauts)
 A = Elapsed time spent in this place.
 B = Non-inter-level travel time spent in this place.
 C = Inter-level travel time spent in this place.
 D = Time resting spent in this place.
 E = Time spent auto-exploring this place.
 F = Levels seen in this place.
 G = Mean time per level.
                   A        B        C        D        E       F      G
               +--------+--------+--------+--------+--------+-----+--------+
         Total |   3672 |   3606 |     66 |   1070 |   1857 |   4 |  918.0 |
       Dungeon |   3672 |   3606 |     66 |   1070 |   1857 |   4 |  918.0 |
               +--------+--------+--------+--------+--------+-----+--------+

Top non-repeatable levels by time:
     D:1: 1071 daAuts
     D:4: 937 daAuts
     D:2: 931 daAuts
     D:3: 732 daAuts
